 Dungeon Crawl Stone Soup version 0.28.0-49-g6dfe1f597d (webtiles) character file.

Game seed: 15339157880005768886

61 Zeld the Skirmisher (level 3, 0/32 HPs)
             Began as a Palentonga Fighter on May 19, 2022.
             Succumbed to Robin's poison
             ... on level 3 of the Dungeon.
             The game lasted 00:02:12 (2132 turns).

Zeld the Skirmisher (Palentonga Fighter)            Turns: 2132, Time: 00:02:12

Health: 0/32       AC:  4    Str: 21    XL:     3   Next: 83%
Magic:  3/3        EV:  7    Int:  8    God:
Gold:   103        SH:  4    Dex:  9    Spells: 2/2 levels left

rFire   + . .      SeeInvis +   a - +0 long sword
rCold   + . .      Faith    .   q - +0 buckler
rNeg    + . .      Spirit   .   b - +0 scale mail
rPois   +          Reflect  .   o - -2 hat of the Alchemist {rElec rPois rF+ rC+ rN+ Will+ rMut rCorr}
rElec   +          Harm     .   (no cloak)
rCorr   +          Rampage  .   (no gloves)
rMut    +                       (no barding)
Will    +....                   (no amulet)
Stlth   ..........              (no ring)
HPRegen 0.10/turn               (no ring)
MPRegen 0.08/turn

@: lethally poisoned (0 -> -7)
A: large, rugged brown scales 3, see invisible, deformed body, roll 1, armoured
tail
a: Rolling Charge


You were on level 3 of the Dungeon.
You visited 1 branch of the dungeon, and saw 3 of its levels.

You collected 103 gold pieces.

Inventory:

Hand Weapons
 a - a +0 long sword (weapon)
Armour
 b - a +0 scale mail (worn)
 o - the -2 hat of the Alchemist (worn) {rElec rPois rF+ rC+ rN+ Will+ rMut rCorr}
   (You found it on level 2 of the Dungeon)

   rF:        It protects you from fire.
   rC:        It protects you from cold.
   rElec:     It insulates you from electricity.
   rPois:     It protects you from poison.
   rN:        It protects you from negative energy.
   rCorr:     It protects you from acid and corrosion.
   rMut:      It protects you from mutation.
   Will:      It increases your willpower.
 q - a +0 buckler (worn)
Wands
 m - a wand of polymorph (3)
Scrolls
 c - a scroll of acquirement {unknown}
 e - 4 scrolls of identify {unknown}
 f - a scroll of immolation {unknown}
 g - a scroll of holy word {unknown}
 l - a scroll of teleportation {unknown}
 n - a scroll of enchant weapon {unknown}
Potions
 d - a potion of might
 h - a potion of invisibility {unknown}
 i - a potion of mutation {unknown}
 j - a potion of flight {unknown}
 k - 2 potions of heal wounds {unknown}


   Skills:
 * Level 3.7 Fighting
 * Level 2.9 Long Blades
 - Level 2.4 Armour
 + Level 0.9 Dodging
 + Level 2.7 Shields


You had 2 spell levels left.
You didn't know any spells.
Your spell library was empty.

Dungeon Overview and Level Annotations

Branches:
Dungeon (3/15)

Altars:

Shops:
D:3 [

Annotations:
D:2 1 runed translucent door, Crazy Yiuf
D:3 Robin


Innate Abilities, Weirdness & Mutations

You are completely covered in rugged brown scales. (AC +3, +7% HP)
You have supernaturally acute eyesight. (SInv)
Armour fits poorly on your strangely shaped body.
You can roll at nearby foes to attack.
You have a long armoured tail.


Message History

You kill the goblin!
Robin of the Strong Arm comes into view.
They are wielding a +1 short sword of venom.
You slash the hobgoblin!
You kill the hobgoblin!
Robin throws the goblin at you!
Things that are here:
a +0 club; a hobgoblin corpse; a goblin corpse Robin hits you with a +1 short sword of venom.
There are monsters nearby!
You barely miss Robin.
The goblin hits you but does no damage. 2 hobgoblins and 4 goblins come into view.
The hobgoblin shouts!
The goblin shouts! x3
Robin says, "My army is invincible!"
Robin throws the goblin at you! The goblin barely misses you.
You block the goblin's attack.
Robin hits you with a +1 short sword of venom.
You block the goblin's attack. Robin throws the goblin at you!
You closely miss the goblin. The goblin hits you with a +0 club.
The goblin hits you with a +0 dagger. Robin throws the goblin at you!
The goblin barely misses you. The goblin closely misses you.
The hobgoblin hits you.
You completely miss the goblin.
Your tail-slap misses the goblin.
The goblin hits you with a +0 dagger.
The goblin hits you but does no damage. x2
Robin roars a battlecry!
The goblins go into a battle-frenzy!
The goblin hits you but does no damage. The hobgoblin hits you.
The goblin hits you but does no damage. You block the goblin's attack.
The goblin hits you with a +0 dagger.
You slash the goblin!
You kill the goblin!
The hobgoblin hits you.
* * * LOW HITPOINT WARNING * * *
The goblin hits you with a +0 dagger.
* * * LOW HITPOINT WARNING * * *
The goblin hits you but does no damage. x2
Robin hits you with a +1 short sword of venom.
* * * LOW HITPOINT WARNING * * *
You are lethally poisoned!
You die...

#..........# #.## #.##
#..........####.######>##
#.....<.................######
#..........####.#####.........
#######.#######.# ##..########
#.# #...# #..## #..##
#.#####.##### ##...##.#
#.......# ##..#@###.#.#.#.#
#.g.g.........#
#.ggg.....#.#..#
#.gg.............
#........###..^.. #.#.).)..#
.<... #.#####.## ..... .. #.#
... #.#


You could see Robin, 2 hobgoblins and 4 goblins.

Vanquished Creatures
  2 adders (D:2)
  2 worms (D:2)
  3 bats
  4 endoplasms
  A giant cockroach (D:2)
  6 goblins
  4 hobgoblins
  A jackal (D:2)
  A kobold (D:2)
  2 quokkas (D:1)
  4 ball pythons
  A frilled lizard (D:2)
  4 rats
35 creatures vanquished.

Notes
Turn   | Place    | Note
-------+----------+-------------------------------------------
     0 | D:1      | Zeld the Palentonga Fighter began the quest for the Orb.
     0 | D:1      | Reached XP level 1. HP: 19/19 MP: 1/1
   311 | D:1      | Reached XP level 2. HP: 25/25 MP: 2/2
  1164 | D:2      | Reached XP level 3. HP: 31/31 MP: 3/3
  1793 | D:2      | Found the -2 hat of the Alchemist {rElec rPois rF+ rC+ rN+
                  | Will+ rMut rCorr}
  1911 | D:2      | Found a runed translucent door.
  1912 | D:2      | Noticed Crazy Yiuf
  2078 | D:3      | Found Apesemil's Antique Armour Shop.
  2120 | D:3      | Noticed Robin
  2132 | D:3      | Succumbed to Robin's poison

Illustrated notes

Levels and vault maps discovered:
D:1:      dpeg_arrival_boxorama, layout_basic
D:2:      layout_basic, minmay_pentomino_x4, uniq_crazy_yiuf_cottage
D:3:      layout_rooms, nicolae_sif_muna_condensation,
          dreamdust_ecumenical_altar_statues, serial_glass, glass_columns_c,
          glass_columns_a, serial_shops, nicolae_shop_waterfront,
          shop_fountains, shop, uniq_grinder, uniq_terence, uniq_robin,
          uniq_sigmund

Action                   || total
-------------------------++-------
Melee: Long sword        ||    89
       Tailslap          ||     9
 Abil: Rolling Charge    ||    16
Armor: Scale mail        ||    67
Dodge: Dodged            ||    25
Block: Buckler           ||    15
